Map: Nightshade LE

Players

Isosceles

  • Race: Protoss Protoss
  • League: Platinum
  • Spawn Location: 5:00

ViBE - Winner!

  • Race: Zerg Zerg
  • League: Diamond
  • Spawn Location: 11:00

VOD

Have the link to the VOD?

Description

Time

  • Played on: Dec. 14, 2019, 9:28 p.m.
  • Length: 15:36
Show
View Real Time Build Order
Export as new Build Order

Isosceles Protoss 

Build Orders: 1 Gate Expand, Archon Immortal 

Get SALT Encoding   

  12  0:01  Probe  
  13  0:13  Probe  
  14  0:25  Probe  
  14  0:27  Pylon  
  15  0:45  Probe (Chrono Boost), Gateway  
  16  0:56  Probe (Chrono Boost), Assimilator  
  17  1:00  Probe (Chrono Boost)  
  19  1:11  Probe  
  19  1:23  Probe  
  20  1:31  Nexus  
  20  1:42  Cybernetics Core  
  20  1:44  Probe  
  21  1:50  Pylon  
  21  1:53  Assimilator  
  21  1:56  Probe  
  22  2:09  Probe  
  23  2:21  Probe  
  23  2:22  Robotics Facility  
  24  2:24  Adept  
  26  2:33  Probe (Chrono Boost)  
  26  2:35  Warp Gate  
  27  2:43  Probe (Chrono Boost)  
  28  2:47  Probe (Chrono Boost)  
  30  2:53  Probe (Chrono Boost)  
  30  2:55  Probe (Chrono Boost)  
  30  2:58  Sentry  
  33  3:00  Probe (Chrono Boost)  
  33  3:02  Probe, Gateway  
  35  3:10  Observer  
  35  3:11  Probe  
  37  3:14  Probe (Chrono Boost), Pylon  
  38  3:23  Probe (Chrono Boost)  
  40  3:28  Assimilator  
  40  3:30  Pylon  
  40  3:32  Probe (Chrono Boost)  
  40  3:33  Probe (Chrono Boost)  
  41  3:38  Probe x2 (Chrono Boost)  
  43  3:45  Stalker  
  45  3:49  Stalker  
  45  3:50  Probe  
  45  3:51  Probe  
  45  3:55  Assimilator  
  49  4:00  Immortal  
  53  4:03  Probe  
  53  4:07  Probe  
  55  4:13  Twilight Council  
  55  4:15  Probe  
  56  4:19  Probe (Chrono Boost)  
  56  4:23  Nexus  
  57  4:25  Pylon  
  57  4:28  Pylon  
  57  4:31  Probe (Chrono Boost)  
  58  4:33  Probe (Chrono Boost)  
  59  4:40  Probe (Chrono Boost)  
  59  4:41  Probe (Chrono Boost)  
  59  4:43  Immortal  
  59  4:45  Pylon  
  65  4:56  Probe  
  65  4:57  Probe  
  65  4:59  Stalker  
  69  5:00  Stalker  
  71  5:08  Probe  
  71  5:09  Probe  
  73  5:19  Robotics Facility  
  73  5:24  Probe, Pylon  
  73  5:25  Probe  
  73  5:28  Pylon  
  75  5:37  Probe x3 (Chrono Boost)  
  78  5:45  Assimilator  
  78  5:46  Probe x3 (Chrono Boost)  
  78  5:48  Assimilator  
  78  5:49  Stalker  
  83  5:50  Stalker  
  83  5:51  Charge  
  83  5:52  Immortal  
  83  5:53  Pylon  
  89  5:59  Gateway  
  89  6:00  Probe x2  
  89  6:01  Gateway  
  89  6:02  Probe  
  92  6:12  Probe x2  
  92  6:14  Probe  
  92  6:17  Immortal  
  99  6:24  Probe x2  
  101  6:26  Probe  
  102  6:36  Probe x2, Templar Archives  
  102  6:39  Nexus  
  104  6:41  Immortal  
  104  6:42  Pylon  
  104  6:45  Pylon  
  108  7:01  Forge  
  108  7:03  Forge  
  108  7:09  Gateway  
  108  7:11  Gateway, Immortal  
  108  7:13  Pylon  
  108  7:15  Pylon, Stalker x4  
  120  7:24  Immortal  
  120  7:26  Protoss Ground Weapons Level 1, Protoss Ground Armor Level 1  
  124  7:33  Robotics Bay  
  124  7:37  Psionic Storm  
  124  7:45  Assimilator  
  124  7:47  Probe x3  
  124  7:49  Assimilator  
  127  7:54  High Templar x3  
  127  7:55  High Templar  
  135  7:59  Probe x2  
  135  8:01  Gateway  
  135  8:04  Gateway  
  137  8:10  Robotics Bay  
  137  8:11  Zealot x2  
  141  8:16  Blink  
  141  8:24  Photon Cannon  
  141  8:27  Photon Cannon  
  141  8:29  Shield Battery  
  141  8:30  Photon Cannon x2  
  141  8:31  High Templar x2  
  141  8:32  Shield Battery  
  141  8:33  Archon x2  
  145  8:36  Archon, Shield Battery  
  145  8:38  Extended Thermal Lance (Chrono Boost)  
  145  8:41  Colossus x2  
  157  9:02  Zealot  
  157  9:03  Zealot x6  
  171  9:24  Gateway  
  171  9:26  Gateway  
  149  9:43  Zealot x8  
  162  9:48  Nexus  
  162  9:49  Pylon  
  162  9:51  Pylon  
  161  9:54  Protoss Ground Weapons Level 2 (Chrono Boost), Protoss Ground Armor Level 2 (Chrono Boost)  
  161  9:56  Pylon  
  161  10:00  Pylon  
  161  10:16  Pylon  
  161  10:17  Pylon  
  161  10:18  Colossus x2  
  173  10:21  Pylon  
  173  10:22  Pylon  
  173  10:23  Pylon  
  173  10:24  Pylon  
  173  10:36  Probe  
  173  10:37  Shield Battery  
  173  10:39  Probe x2  
  173  10:42  High Templar x7  
  179  10:43  High Templar x2  
  193  10:55  Archon  
  193  10:57  Archon  
  189  11:15  Photon Cannon  
  189  11:17  Photon Cannon  
  189  11:19  Photon Cannon  
  189  11:22  Photon Cannon  
  189  11:23  Shield Battery  
  189  11:26  Shield Battery  
  189  11:28  Shield Battery  
  189  11:35  Nexus  
  189  11:36  Pylon  
  189  11:38  Pylon  
  189  11:43  Pylon  
  189  11:45  Assimilator  
  189  11:47  Sentry x2, Assimilator  
  193  12:02  High Templar x4  
  193  12:06  Archon x2  
  100  12:41  Zealot  
  100  12:42  Zealot x9  
  112  12:52  Gateway  
  112  12:53  Gateway  
  112  12:56  Gateway  
  112  13:00  Gateway  
  112  13:04  Gateway  
  112  13:11  Gateway  
  112  13:15  High Templar x8  
  112  13:16  High Templar x2  
  112  13:19  Colossus x2  
  132  13:22  Nexus  
  132  13:23  Pylon  
  132  13:26  Pylon  
  144  13:30  Pylon  
  144  13:33  Assimilator  
  144  13:35  Archon x2  
  144  13:36  Assimilator  
  144  14:03  Zealot x2  
  144  14:08  High Templar x4  
  144  14:09  Zealot x6  
  168  14:10  Zealot x4  
  168  14:13  Archon x2  
  176  14:29  Photon Cannon  
  176  14:32  Photon Cannon  
  176  14:33  Photon Cannon  
  176  14:36  Photon Cannon  
  176  14:38  Photon Cannon  
  168  14:40  Shield Battery  
  168  14:41  Observer x2 (Chrono Boost)  
  168  14:42  Shield Battery  
  168  14:44  Shield Battery  
  154  14:47  Shield Battery  
  150  15:02  Zealot x6  
  150  15:03  Zealot x9  
Show
View Real Time Build Order
Export as new Build Order

ViBE Zerg - Winner!

Build Orders: Hatch First, Brood Lord Corruptor, Lurkers, Roach Hydra 

Get SALT Encoding   

  12  0:01  Drone  
  13  0:14  Overlord  
  13  0:17  Drone  
  14  0:32  Drone x2  
  16  0:50  Hatchery  
  16  0:54  Drone  
  17  0:57  Drone  
  17  1:02  Drone  
  18  1:11  Drone  
  19  1:22  Drone  
  19  1:23  Spawning Pool  
  19  1:30  Drone  
  20  1:35  Extractor  
  19  1:41  Drone  
  20  1:56  Drone  
  21  2:07  Drone x2  
  23  2:14  Drone x2  
  25  2:25  Overlord  
  25  2:27  Queen  
  25  2:28  Drone  
  28  2:37  Overlord  
  28  2:40  Overlord  
  28  2:43  Queen  
  28  2:44  Hatchery, Drone  
  29  2:46  Drone  
  31  2:55  Drone  
  31  2:56  Drone  
  33  3:07  Roach Warren  
  33  3:10  Overlord  
  33  3:12  Drone  
  33  3:13  Lair  
  33  3:18  Drone x2  
  33  3:19  Evolution Chamber  
  34  3:27  Drone  
  34  3:28  Queen  
  37  3:35  Drone  
  38  3:42  Drone  
  38  3:43  Drone x3  
  42  3:52  Overlord  
  42  3:55  Overlord  
  42  3:59  Drone  
  42  4:00  Drone x4  
  42  4:01  Zerg Missile Weapons Level 1  
  47  4:04  Extractor  
  47  4:05  Extractor, Queen  
  47  4:09  Glial Reconstitution  
  47  4:12  Drone  
  47  4:14  Drone x3  
  51  4:29  Overlord  
  51  4:34  Roach x4  
  51  4:35  Overlord x2  
  59  4:47  Overseer  
  59  4:49  Roach  
  59  4:50  Roach x2  
  59  4:51  Roach  
  67  4:54  Overlord  
  67  4:57  Drone x6  
  73  5:06  Drone x3  
  76  5:13  Drone x6  
  82  5:16  Overlord  
  82  5:18  Overlord  
  82  5:32  Hatchery  
  81  5:36  Drone  
  81  5:37  Drone x5  
  81  5:39  Extractor  
  81  5:41  Extractor  
  81  5:42  Drone x5  
  90  5:52  Hydralisk Den  
  89  5:58  Evolution Chamber  
  89  5:59  Drone x3  
  89  6:00  Extractor  
  89  6:02  Drone x7  
  97  6:08  Drone  
  97  6:09  Drone x3  
  101  6:12  Overseer  
  101  6:13  Overlord  
  101  6:14  Overlord  
  101  6:22  Drone  
  101  6:23  Drone x2  
  104  6:38  Overlord x3  
  104  6:40  Hatchery  
  103  6:48  Drone x5  
  103  6:50  Extractor, Hydralisk x5  
  103  6:52  Extractor  
  103  6:53  Grooved Spines  
  116  6:56  Infestation Pit  
  116  6:58  Drone  
  116  6:59  Zerg Missile Weapons Level 2  
  116  7:04  Zerg Ground Armor Level 1, Hydralisk x3  
  122  7:14  Hydralisk x4  
  130  7:21  Hydralisk x2  
  130  7:22  Hydralisk x2  
  138  7:26  Hydralisk x6  
  150  7:33  Hive  
  150  7:37  Overlord x3  
  150  7:47  Hydralisk  
  150  7:48  Hydralisk x4  
  160  7:57  Hydralisk x6  
  172  8:04  Muscular Augments  
  172  8:13  Hydralisk  
  172  8:14  Hydralisk x6  
  172  8:15  Overlord x2  
  186  8:25  Hydralisk x2  
  190  8:34  Roach x5  
  200  8:45  Lurker Den  
  200  8:46  Spire  
  198  8:55  Spore Crawler  
  197  8:56  Spine Crawler x2  
  197  9:00  Spore Crawler  
  197  9:01  Spine Crawler, Drone x2  
  197  9:02  Extractor, Drone, Spine Crawler  
  195  9:03  Drone x3  
  195  9:05  Extractor  
  192  9:10  Spore Crawler  
  192  9:12  Spine Crawler x2, Drone x3  
  192  9:14  Spore Crawler  
  192  9:15  Spine Crawler, Drone x3  
  192  9:16  Spine Crawler  
  192  9:21  Drone  
  192  9:22  Drone x7  
  186  9:43  Hydralisk  
  186  9:44  Hydralisk x7  
  200  10:03  Adaptive Talons  
  200  10:04  Greater Spire  
  200  10:06  Metabolic Boost  
  200  10:12  Zerg Missile Weapons Level 3, Zerg Ground Armor Level 2  
  200  10:21  Spore Crawler, Spine Crawler, Drone x2  
  199  10:23  Spine Crawler  
  199  10:24  Drone  
  200  11:00  Seismic Spines  
  196  11:13  Lurker x14  
  196  11:14  Lurker x2  
  196  11:16  Hydralisk  
  200  11:21  Zerg Flyer Armor Level 1  
  200  11:25  Adrenal Glands  
  200  11:38  Overseer x2  
  200  12:04  Hatchery  
  180  12:28  Corruptor x13  
  180  12:29  Corruptor x2  
  150  12:39  Overlord x2  
  150  12:40  Overlord  
  150  12:47  Zerg Melee Weapons Level 1  
  150  12:49  Zerg Ground Armor Level 3  
  150  12:51  Zergling x4  
  150  12:52  Zergling x58  
  150  12:53  Zergling x10  
  186  13:07  Brood Lord x7  
  193  13:52  Brood Lord x8  
  196  14:04  Drone x3  
  199  14:11  Spore Crawler  
  199  14:12  Extractor  
  199  14:13  Spine Crawler  
  199  14:14  Spine Crawler  
  195  14:17  Extractor  
  179  14:50  Hydralisk x2  
  179  14:51  Hydralisk x10  
  191  15:25  Spine Crawler x2  
Tags
 
Add a new tag
Caveats
  • Supply blocks, unpowered buildings, or Contaminate may cause inaccurate times.
  • Supply counts are checked every 10 seconds.